SKY
TEXAS RANGERS @ CHICAGO CUBS
04/09/2052
 
TOP OF THE 1ST
Texas Rangers batting - Pitching for Chicago Cubs : LHP Erminio Tomsjansen
Pitching: LHP Erminio Tomsjansen
Batting: RHB Pedro Medrano 0-0: Foul Ball, location: 2F
0-1: Foul Ball, location: 25FF
0-2: Strikes out swinging
Batting: RHB Sebastian Carsten 0-0: Swinging Strike
0-1: Ball
1-1: Ball
2-1: Foul Ball, location: 2F
2-2: Foul Ball, location: 2F
2-2: Foul Ball, location: 7LSF
2-2: Strikes out swinging
Batting: LHB Maverik Tullos 0-0: Foul Ball, location: 2F
0-1: Called Strike
0-2: Ball
1-2: Foul Ball, location: 3F
1-2: Ball
2-2: Ball
3-2: SINGLE (Groundball, 56S, EV 66.3 MPH) (infield hit)
Batting: RHB Fee Durrell 0-0: Ball
1-0: Swinging Strike
1-1: Swinging Strike
1-2: Ball
2-2: Fly out, F8 (Flyball, 8RXD, EV 99.4 MPH)
Top of the 1st over - 0 runs, 1 hit, 0 errors, 1 left on base; Texas 0 - Chicago 0
BOTTOM OF THE 1ST
Chicago Cubs batting - Pitching for Texas Rangers : RHP Ezra Varney
Pitching: RHP Ezra Varney
Batting: LHB José Armijo 0-0: Ball
1-0: Called Strike
1-1: Ball
2-1: Foul Ball, location: 3FF
2-2: Ball
3-2: Reached on error, E4 (Groundball, 4, EV 86.3 MPH)
Batting: LHB Abdul Williams 0-0: Ball
1-0: Ball
2-0: Ball
3-0: Called Strike
3-1: Grounds into double play, 4-6-3 (Groundball, 4, EV 98.8 MPH)
Batting: RHB Meredith Moore 0-0: Ball
1-0: SINGLE (Line Drive, 34D, EV 103.1 MPH)
Batting: RHB Pokey Baker 0-0: Called Strike
0-1: Ball
1-1: Ball
2-1: Ground out 1-3 (Groundball, P, EV 73.1 MPH)
Bottom of the 1st over - 0 runs, 1 hit, 1 error, 1 left on base; Texas 0 - Chicago 0
TOP OF THE 2ND
Texas Rangers batting - Pitching for Chicago Cubs : LHP Erminio Tomsjansen
Batting: RHB Brock Boon 0-0: Ball
1-0: Foul Ball, location: 3F
1-1: Swinging Strike
1-2: Ball
2-2: Strikes out swinging
Batting: RHB Roman De Gama 0-0: Called Strike
0-1: Fly out, F8 (Line Drive, 8RD, EV 100.0 MPH)
Batting: RHB Yanus Cartageno 0-0: Ball
1-0: Ground out 6-3 (Groundball, 6, EV 83.8 MPH)
Top of the 2nd over - 0 runs, 0 hits, 0 errors, 0 left on base; Texas 0 - Chicago 0
BOTTOM OF THE 2ND
Chicago Cubs batting - Pitching for Texas Rangers : RHP Ezra Varney
Batting: LHB Ben Waters 0-0: Ball
1-0: Ball
2-0: Ball
3-0: Base on Balls
Batting: RHB Derek McCone 0-0: Called Strike
0-1: Swinging Strike
0-2: Foul Ball, location: 2F
0-2: Foul Ball, location: 23F
0-2: Ball
1-2: Ball
2-2: Ball
3-2: Foul Ball, location: 2F
3-2: Foul Ball, location: 2F
3-2: Foul Ball, location: 5F
3-2: Fielders Choice at 2nd, 5-4 (Groundball, 56, EV 106.9 MPH)
Batting: RHB Joseph Young 0-0: Ball
1-0: Ball
2-0: DOUBLE (Groundball, 5L, EV 99.4 MPH)
Derek McCone to third
Runner from 3rd tries for Home, SAFE, throw by LF to trailing runner, OUT at third! 7-3-5
Batting: RHB Abel Stewart 0-0: Fly out, F8 (Flyball, 8LXD, EV 95.6 MPH)
Bottom of the 2nd over - 1 run, 1 hit, 0 errors, 0 left on base; Texas 0 - Chicago 1
TOP OF THE 3RD
Texas Rangers batting - Pitching for Chicago Cubs : LHP Erminio Tomsjansen
Batting: RHB Marco Ramos 0-0: Swinging Strike
0-1: Foul Ball, location: 9LSF
0-2: Ball
1-2: Ball
2-2: Ball
3-2: Strikes out swinging
Batting: RHB Matt Mechler 0-0: Swinging Strike
0-1: Ball
1-1: Ball
2-1: Swinging Strike
2-2: Strikes out looking
Batting: RHB Pedro Medrano 0-0: Called Strike
0-1: Fly out, F8 (Line Drive, 8RD, EV 92.5 MPH)
Top of the 3rd over - 0 runs, 0 hits, 0 errors, 0 left on base; Texas 0 - Chicago 1
BOTTOM OF THE 3RD
Chicago Cubs batting - Pitching for Texas Rangers : RHP Ezra Varney
Batting: RHB Lincoln Richards 0-0: Ball
1-0: Called Strike
1-1: Ball
2-1: Ball
3-1: Base on Balls
Batting: LHB José Armijo 0-0: Called Strike
0-1: Foul Ball, location: 2F
0-2: Ball
Wild Pitch!
Lincoln Richards to second
1-2: Ball
2-2: Foul Ball, location: 2F
2-2: Foul Ball, location: 7LDF
2-2: Foul Ball, location: 5SF
2-2: TRIPLE (Line Drive, 9LD, EV 102.5 MPH)
Lincoln Richards scores
Batting: LHB Abdul Williams 0-0: Ball
1-0: Ball
2-0: Swinging Strike
2-1: Foul Ball, location: 9LDF
2-2: SINGLE (Groundball, 6MD, EV 95.0 MPH)
José Armijo scores
Batting: RHB Meredith Moore 0-0: SINGLE (Groundball, 34D, EV 110.0 MPH)
Abdul Williams to second
Runner from 2nd tries for 3rd, SAFE, throw by RF made to third
Batting: RHB Pokey Baker 0-0: Fielders Choice at 2nd, 6-4 (Groundball, 6, EV 85.6 MPH)
Abdul Williams scores
Batting: LHB Ben Waters 0-0: Foul Ball, location: 3FF
0-1: Called Strike
0-2: Ball
1-2: Ball
2-2: SINGLE (Groundball, 6MD, EV 107.5 MPH)
Pokey Baker to second
Batting: RHB Derek McCone 0-0: Ball
1-0: Ball
2-0: Called Strike
2-1: SINGLE (Groundball, 4MD, EV 96.3 MPH)
Pokey Baker to third
Ben Waters to second
Batting: RHB Joseph Young 0-0: Called Strike
0-1: Called Strike
0-2: Ball
1-2: Ball
2-2: Foul Ball, location: 3FF
2-2: Ball
3-2: Strikes out looking
Batting: RHB Abel Stewart 0-0: Foul Ball, location: 9LMF
0-1: Ball
1-1: Swinging Strike
1-2: Strikes out looking
Bottom of the 3rd over - 3 runs, 5 hits, 0 errors, 3 left on base; Texas 0 - Chicago 4
TOP OF THE 4TH
Texas Rangers batting - Pitching for Chicago Cubs : LHP Erminio Tomsjansen
Batting: RHB Sebastian Carsten 0-0: Ball
1-0: Called Strike
1-1: Fly out, F7 (Flyball, 78D, EV 98.8 MPH)
Batting: LHB Maverik Tullos 0-0: Called Strike
0-1: Ball
1-1: Ball
2-1: Ball
3-1: Called Strike
3-2: Base on Balls
Batting: RHB Fee Durrell 0-0: Foul Ball, location: 2F
0-1: Ball
1-1: SINGLE (Groundball, 6D, EV 95.6 MPH)
Maverik Tullos to second
Batting: RHB Brock Boon 0-0: Ball
1-0: Called Strike
1-1: SINGLE (Line Drive, 89M, EV 106.3 MPH)
Maverik Tullos to third
Fee Durrell to second
Batting: RHB Roman De Gama 0-0: Ball
1-0: Foul Ball, location: 9LMF
1-1: Foul Ball, location: 3FF
1-2: Ball
2-2: Fielders Choice at 2nd, 3-6 (Groundball, 3, EV 102.5 MPH)
Maverik Tullos scores
Fee Durrell to third
Batting: RHB Yanus Cartageno 0-0: Called Strike
0-1: Ball
1-1: Foul Ball, location: 9LMF
1-2: Foul Ball, location: 2F
1-2: Strikes out swinging
Top of the 4th over - 1 run, 2 hits, 0 errors, 2 left on base; Texas 1 - Chicago 4
BOTTOM OF THE 4TH
Chicago Cubs batting - Pitching for Texas Rangers : RHP Ezra Varney
Batting: RHB Lincoln Richards 0-0: Ball
1-0: Ground out 6-3 (Groundball, 6MD, EV 99.4 MPH)
Batting: LHB José Armijo 0-0: Called Strike
0-1: Ground out 1-3 (Groundball, 13S, EV 70.0 MPH)
Batting: LHB Abdul Williams 0-0: Ground out 6-3 (Groundball, 6, EV 105.6 MPH)
Bottom of the 4th over - 0 runs, 0 hits, 0 errors, 0 left on base; Texas 1 - Chicago 4
TOP OF THE 5TH
Texas Rangers batting - Pitching for Chicago Cubs : LHP Erminio Tomsjansen
Batting: RHB Marco Ramos 0-0: Called Strike
0-1: Ball
1-1: Foul Ball, location: 7LDF
1-2: Ball
2-2: Fly out, F6 (Popup, 6D, EV 46.3 MPH)
Batting: RHB Matt Mechler 0-0: Foul Ball, location: 2F
0-1: Foul Ball, location: 25F
0-2: Strikes out swinging, 2-3 out at first.
Batting: RHB Pedro Medrano 0-0: Called Strike
0-1: Foul Ball, location: 9LDF
0-2: Ground out 5-3 (Groundball, 56, EV 84.4 MPH)
Top of the 5th over - 0 runs, 0 hits, 0 errors, 0 left on base; Texas 1 - Chicago 4
BOTTOM OF THE 5TH
Chicago Cubs batting - Pitching for Texas Rangers : RHP Ezra Varney
Batting: RHB Meredith Moore 0-0: Ball
1-0: Called Strike
1-1: SINGLE (Line Drive, 6MD, EV 105.6 MPH)
Batting: RHB Pokey Baker 0-0: Ball
1-0: Ball
2-0: Ground out 4-3 (Groundball, 4MS, EV 65.0 MPH)
Meredith Moore to second
Batting: LHB Ben Waters 0-0: Ball
1-0: Ball
2-0: Foul Ball, location: 5SF
2-1: Ground out U3 (Groundball, 3, EV 90.6 MPH)
Meredith Moore to third
Batting: RHB Derek McCone 0-0: Ball
1-0: Ball
2-0: Ball
3-0: Called Strike
3-1: Foul Ball, location: 9LDF
3-2: Base on Balls
Pitching: LHP Iván Cruz
Batting: RHB Joseph Young 0-0: Ball
1-0: DOUBLE (Line Drive, 9LS, EV 107.5 MPH)
Meredith Moore scores
Derek McCone to third
Runner from 3rd tries for Home, SAFE, no throw by RF
Batting: RHB Abel Stewart 0-0: Ball
1-0: Fly out, F7 (Flyball, 78M, EV 73.1 MPH)
Bottom of the 5th over - 2 runs, 2 hits, 0 errors, 1 left on base; Texas 1 - Chicago 6
TOP OF THE 6TH
Texas Rangers batting - Pitching for Chicago Cubs : LHP Erminio Tomsjansen
Batting: RHB Sebastian Carsten 0-0: Foul Ball, location: 2F
0-1: Foul Ball, location: 25F
0-2: Ball
1-2: Ball
2-2: Foul Ball, location: 2F
2-2: Ball
3-2: Foul Ball, location: 3DF
3-2: Strikes out swinging
Batting: LHB Maverik Tullos 0-0: Ball
1-0: Swinging Strike
1-1: Swinging Strike
1-2: Strikes out swinging
Batting: RHB Fee Durrell 0-0: Foul Ball, location: 2F
0-1: Ball
1-1: Foul Ball, location: 9LMF
1-2: Ball
2-2: Foul Ball, location: 5F
2-2: Foul Ball, location: 2F
2-2: Ball
3-2: Base on Balls
Pitching: RHP Luke Bogosian
Batting: RHB Brock Boon 0-0: Called Strike
0-1: Ball
1-1: Ball
2-1: Ground out 3-1 (Groundball, 34, EV 81.3 MPH)
Top of the 6th over - 0 runs, 0 hits, 0 errors, 1 left on base; Texas 1 - Chicago 6
BOTTOM OF THE 6TH
Chicago Cubs batting - Pitching for Texas Rangers : LHP Iván Cruz
Batting: RHB Lincoln Richards 0-0: Ground out U3 (Groundball, 34, EV 81.9 MPH)
Batting: LHB José Armijo 0-0: Called Strike
0-1: Ball
1-1: Ball
2-1: Swinging Strike
2-2: Ball
3-2: SINGLE (Groundball, 4MD, EV 100.0 MPH) (infield hit)
Batting: LHB Abdul Williams 0-0: Fly out, F4 (Line Drive, 34D, EV 63.1 MPH)
Batting: RHB Meredith Moore 0-0: Ball
1-0: Called Strike
1-1: Foul Ball, location: 3FF
1-2: Foul Ball, location: 2F
1-2: SINGLE (Line Drive, 8LS, EV 103.8 MPH)
José Armijo to second
Batting: RHB Pokey Baker 0-0: Foul Ball, location: 5F
0-1: Ball
1-1: Ball
2-1: Ball
3-1: SINGLE (Groundball, 6, EV 92.5 MPH) (infield hit)
José Armijo to third
Meredith Moore to second
Batting: LHB Ben Waters 0-0: Ball
1-0: Fly out, F8 (Flyball, 8LD, EV 93.8 MPH)
Bottom of the 6th over - 0 runs, 3 hits, 0 errors, 3 left on base; Texas 1 - Chicago 6
TOP OF THE 7TH
Texas Rangers batting - Pitching for Chicago Cubs : RHP Luke Bogosian
Now in LF: Jonah Daley
Batting: RHB Roman De Gama 0-0: Ball
1-0: Ball
2-0: Fly out, F8 (Flyball, 8LD, EV 98.1 MPH)
Batting: RHB Yanus Cartageno 0-0: Ball
1-0: Fly out, F8 (Flyball, 8RM, EV 95.6 MPH)
Batting: RHB Marco Ramos 0-0: Ball
1-0: Ball
2-0: Called Strike
2-1: Swinging Strike
2-2: Ball
3-2: Ground out U3 (Groundball, 34, EV 105.6 MPH)
Top of the 7th over - 0 runs, 0 hits, 0 errors, 0 left on base; Texas 1 - Chicago 6
BOTTOM OF THE 7TH
Chicago Cubs batting - Pitching for Texas Rangers : LHP Iván Cruz
Batting: RHB Derek McCone 0-0: Ball
1-0: Ball
2-0: Called Strike
2-1: Foul Ball, location: 5FF
2-2: Ball
3-2: Foul Ball, location: 3DF
3-2: SINGLE (Line Drive, 8RS, EV 97.5 MPH)
Batting: RHB Joseph Young 0-0: Grounds into double play, 5-4-3 (Groundball, 56, EV 80.6 MPH)
Batting: RHB Abel Stewart 0-0: Swinging Strike
0-1: SINGLE (Groundball, 6MD, EV 99.4 MPH)
Batting: RHB Lincoln Richards 0-0: Foul Ball, location: 2F
0-1: Fielders Choice at 2nd, 6-4 (Groundball, 6, EV 105.0 MPH)
Bottom of the 7th over - 0 runs, 2 hits, 0 errors, 1 left on base; Texas 1 - Chicago 6
TOP OF THE 8TH
Texas Rangers batting - Pitching for Chicago Cubs : RHP Luke Bogosian
Now at 3B: Jonah Daley
Now in LF: Meredith Moore
Now in CF: Britt Bell
Batting: RHB Matt Mechler 0-0: Foul Ball, location: 3DF
0-1: Foul Ball, location: 3SF
0-2: Strikes out swinging, 2-3 out at first.
Batting: RHB Pedro Medrano 0-0: Ball
1-0: Foul Ball, location: 9LSF
1-1: SINGLE (Line Drive, 9LM, EV 104.4 MPH)
Batting: RHB Sebastian Carsten 0-0: Ball
1-0: Grounds into double play, 1-6-3 (Groundball, 13S, EV 69.4 MPH)
Top of the 8th over - 0 runs, 1 hit, 0 errors, 0 left on base; Texas 1 - Chicago 6
BOTTOM OF THE 8TH
Chicago Cubs batting - Pitching for Texas Rangers : LHP Iván Cruz
Batting: LHB José Armijo 0-0: Ball
1-0: Ball
2-0: Called Strike
2-1: DOUBLE (Flyball, 78XD, EV 105.6 MPH)
Batting: RHB Jonah Daley 0-0: Ball
1-0: Fly out, F9 (Flyball, 89S, EV 95.0 MPH)
Batting: RHB Meredith Moore 0-0: Ball
1-0: Ball
2-0: Foul Ball, location: 2F
2-1: Foul Ball, location: 3F
2-2: Ball
3-2: Foul Ball, location: 5F
3-2: Foul Ball, location: 5FF
3-2: Foul Ball, location: 2LF
3-2: Strikes out swinging
Batting: RHB Pokey Baker 0-0: Fly out, F8 (Line Drive, 8RD, EV 91.9 MPH)
Bottom of the 8th over - 0 runs, 1 hit, 0 errors, 1 left on base; Texas 1 - Chicago 6
TOP OF THE 9TH
Texas Rangers batting - Pitching for Chicago Cubs : RHP Luke Bogosian
Batting: LHB Maverik Tullos 0-0: Ball
1-0: Called Strike
1-1: Foul Ball, location: 2F
1-2: Ground out U3 (Groundball, 3L, EV 106.9 MPH)
Batting: RHB Fee Durrell 0-0: Ball
1-0: Ball
2-0: Ball
3-0: Called Strike
3-1: Called Strike
3-2: Strikes out looking
Batting: RHB Brock Boon 0-0: Fly out, F7 (Flyball, 78S, EV 92.5 MPH)
Top of the 9th over - 0 runs, 0 hits, 0 errors, 0 left on base; Texas 1 - Chicago 6
Tuesday, April 16th , 2024 - OOTP Baseball 24.11 Build 85